 Dungeon Crawl Stone Soup version 0.31.0-9-g3a7656b989 (webtiles) character file.

Game seed: 2189059378715402214

9 qw the Shooter (level 2, 0/16 HPs)
             Began as a Deep Elf Hunter on Feb 2, 2024.
             Succumbed to their own poison gas
             ... on level 1 of the Dungeon.
             The game lasted 00:00:00 (652 turns).

qw the Shooter (Deep Elf Hunter)                     Turns: 652, Time: 00:00:01

Health: 0/16       AC:  5    Str:  8    XL:     2   Next: 3%
Magic:  4/4        EV: 10    Int: 13    God:
Gold:   30         SH:  0    Dex: 18    Spells: 1/1 levels left

rFire   . . .        a - +0 shortbow
rCold   . . .        (shield currently unavailable)
rNeg    . . .        f - +0 ring mail
rPois   .            (no helmet)
rElec   .            (no cloak)
rCorr   .            (no gloves)
SInv    .            (no boots)
Will    .....        (no amulet)
Stlth   +            (no ring)
HPRegen 0.22/turn    (no ring)
MPRegen 0.09/turn

%: no passive effects
@: lethally poisoned (0 -> -15)
A: no striking features
a: no special abilities


You were on level 1 of the Dungeon.
You visited 1 branch of the dungeon, and saw 1 of its levels.

You collected 30 gold pieces.


   Skills:
 - Level 1.5 Fighting
 + Level 6.0 Ranged Weapons
 - Level 2.4 Dodging
 - Level 1.2 Stealth


You had one spell level left.
You didn't know any spells.
Your spell library was empty.

Inventory:

Hand Weapons
 a - a +0 shortbow (weapon)
Armour
 f - a +0 ring mail (worn)

Dungeon Overview and Level Annotations

Branches:
Dungeon (1/15)

Altars:


Message History

You finish taking off your +0 leather armour.
You start putting on your armour.
You continue putting on your +0 ring mail. x5
You finish putting on your +0 ring mail.
645 ||| DROPPING +0 leather armour.
You drop a +0 leather armour.
Done exploring.
646 ||| READING scroll labelled ELUN RUIJA.
As you read the scroll labelled ELUN RUIJA, it crumbles to dust.
It is a scroll of identify.
646 ||| IDENTIFYING smoky white potion;
h - a potion of lignification Done exploring.
647 ||| READING scroll labelled KEERISTR ZYSOM.
Blink to where?
Press: ? - help, Dir - move target, f - you
As you read the scroll labelled KEERISTR ZYSOM, it crumbles to dust.
It was a scroll of blinking.
Done exploring.
648 ||| READING scroll labelled ZIOTIM HENKEMO.
The air fills with toxic fumes!
As you read the scroll labelled ZIOTIM HENKEMO, it crumbles to dust.
It was a scroll of poison.
Done exploring.
649 ||| DROPPING scroll of butterflies.
You drop a scroll of butterflies.
Done exploring.
650 ||| DROPPING potion of lignification.
You drop a potion of lignification.
Done exploring.
What level of the Dungeon? (default 1, ? - help) Sorry, I don't know how to get there.
Enter note:
Enter note:
Enter note:
Enter note:
Enter note:
Enter note: You are engulfed in poison gas.
You are lethally poisoned!
Ouch! That really hurt!
You feel very sick.
652 ||| Stepping ~*~*~tactically~*~*~ (cloud).
You die...

##.###.## ## ##########.##
##.#####. #..........#
#....... #####.########¤##
##.######
#.....#####¤¤¤#¤###..######
#.........¤¤¤¤¤¤¤..........
#..#######¤¤¤¤¤##.....####.
#..# #¤¤¤¤¤¤#####..####.
#..# ##@#..........(....
##..# #¤#########..####.
#...# #¤#########..# #.
#.#.# #¤¤.)........## ##
#.#.# #¤¤######.....# #.#.#
#¤¤# #.....# #.#.# #¤¤#
#.....# #.#.#######.###
###...#####
#........####}####.......##.


There were no monsters in sight!

Vanquished Creatures
  A dart slug (D:1)
  A ball python (D:1)
  An endoplasm (D:1)
  A goblin (D:1)
  2 frilled lizards (D:1)
  A kobold (D:1)
7 creatures vanquished.

Notes
Turn   | Place    | Note
-------+----------+-------------------------------------------
     0 | D:1      | qw the Deep Elf Hunter began the quest for the Orb.
     0 | D:1      | Reached XP level 1. HP: 12/12 MP: 3/3
     0 | D:1      | 0 ||| qw: Version: 0.3-a-155-g5e7d8dd
     0 | D:1      | 0 ||| qw: Game counter: 1063
     0 | D:1      | 0 ||| qw: Melee chars always use a shield: true
     0 | D:1      | 0 ||| qw: God list: Okawaru
     0 | D:1      | 0 ||| qw: Allow faded altars: false
     0 | D:1      | 0 ||| qw: Do Orc after clearing Dungeon:15 true
     0 | D:1      | 0 ||| qw: Do second Lair branch before Depths: true
     0 | D:1      | 0 ||| qw: Lair rune preference: random
     0 | D:1      | 0 ||| qw: Goals: Normal
     0 | D:1      | 0 ||| PLANNING D:1-11
   433 | D:1      | Reached skill level 6 in Ranged Weapons
   433 | D:1      | Reached XP level 2. HP: 16/16 MP: 4/4
   635 | D:1      | 635 ||| UPGRADING to +0 ring mail.
   645 | D:1      | 645 ||| DROPPING +0 leather armour.
   646 | D:1      | 646 ||| READING scroll labelled ELUN RUIJA.
   646 | D:1      | 646 ||| IDENTIFYING smoky white potion
   647 | D:1      | 647 ||| READING scroll labelled KEERISTR ZYSOM.
   648 | D:1      | 648 ||| READING scroll labelled ZIOTIM HENKEMO.
   649 | D:1      | 649 ||| DROPPING scroll of butterflies.
   650 | D:1      | 650 ||| DROPPING potion of lignification.
   651 | D:1      | HP: 3/16 [poisoned by you (poison gas)]
   652 | D:1      | 652 ||| Stepping ~*~*~tactically~*~*~ (cloud).
   652 | D:1      | Succumbed to their own poison gas

Levels and vault maps discovered:
D:1:      nagdon_arrival_double_spiral, layout_loops_ring, feat_on_display

Skill      XL: |  1 |
---------------+----+-----
Ranged Weapons | 6 |  6.0
Fighting       | |  1.5
Dodging        | |  2.4
Stealth        | |  1.2

Action                     || total
---------------------------++-------
   Fire: Shortbow          ||    15
    Use: Scroll            ||     3
  Dodge: Dodged            ||     3

Table legend:
 A = Non-vault XP
 B = Vault XP
 C = Vault XP percentage of total XP
 D = Non-vault monster count
 E = Vault monster count
 F = Vault count percentage of total count
                 A         B        C        D         E       F
            +---------+---------+-------+---------+---------+-------
      Total |      13 |       0 |   0.0 |       7 |       0 |   0.0
            +---------+---------+-------+---------+---------+-------
        D:1 |      13 |       0 |   0.0 |       7 |       0 |   0.0
            +---------+---------+-------+---------+---------+-------
